 Dungeon Crawl Stone Soup version 0.23.0 (webtiles) character file.

Game seed: 7176693720621539906

239 KamiKatze the Chopper (level 6, -3/39 HPs)
             Began as a Gargoyle Berserker on Feb 9, 2019.
             Was a Believer of Trog.
             Splashed by Ijyb's acid (7 damage)
             ... on level 3 of the Dungeon.
             The game lasted 00:06:42 (1826 turns).

KamiKatze the Chopper (Gargoyle Berserker)          Turns: 1826, Time: 00:06:42

Health: -3/39      AC:  9    Str: 22    XL:     6   Next: 7%
Magic:  0/6        EV: 11    Int:  6    God:    Trog [**....]
Gold:   147        SH:  0    Dex:  9    Spells: 5/5 levels left

rFire    . . .     SeeInvis .   a - +1 hand axe (venom)
rCold    . . .     Gourm    .   (no shield)
rNeg     + . .     Faith    .   x - +0 scale mail
rPois    ∞         Spirit   +   (no helmet)
rElec    +         Reflect  .   n - scarf {Spirit}
rCorr    .         Harm     .   j - +0 pair of gloves
MR       .....                  k - +0 pair of boots
Stlth    ..........             (no amulet)
HPRegen  0.13/turn              l - -2 ring of intelligence (curse)
MPRegen  0.10/turn              (no ring)

@: corroded
A: negative energy resistance 1, electricity resistance, unbreathing,
petrification resistance, rot immunity, AC +4
a: Berserk, Trog's Hand, Renounce Religion


You were on level 3 of the Dungeon.
You worshipped Trog.
Trog was pleased with you.
You were not hungry.

You visited 1 branch of the dungeon, and saw 3 of its levels.

You collected 147 gold pieces.

Inventory:

Hand Weapons
 a - a +1 hand axe of venom (weapon)
 u - a +0 flail
Missiles
 e - 2 javelins (quivered)
 i - 58 stones
Armour
 j - a +0 pair of gloves (worn)
 k - a +0 pair of boots (worn)
 n - a scarf of spirit shield (worn)
 v - a +0 cloak
 x - a +0 scale mail (worn)
 y - a +0 plate armour
Jewellery
 l - a cursed -2 ring of intelligence (left hand)
Scrolls
 b - a scroll of enchant armour {unknown}
 g - a scroll of blinking {unknown}
 p - a scroll of teleportation {unknown}
 r - 2 scrolls of identify {unknown}
 t - 2 scrolls of remove curse {unknown}
Potions
 d - a potion of magic {unknown}
 h - a potion of might {unknown}
 m - a potion of curing {unknown}
 o - a potion of haste {unknown}
 q - a potion of flight {unknown}
 s - a potion of agility {unknown}
 w - 2 potions of degeneration {unknown}
 z - a potion of brilliance {unknown}
Comestibles
 c - 4 rations


   Skills:
 + Level 4.3 Fighting
 * Level 4.3 Axes
 + Level 3.5 Armour
 + Level 2.6 Dodging


You had 5 spell levels left.
You didn't know any spells.
Your spell library was empty.

Dungeon Overview and Level Annotations

Branches:
Dungeon (3/15)

Altars:

Annotations:
D:3 Ijyb


Innate Abilities, Weirdness & Mutations

You are resistant to torment.
Your stone body is resilient. (AC +4)
You are immune to poison.
You resist negative energy. (rN+)
You are resistant to electric shocks. (rElec)
You can survive without breathing.
You are immune to petrification.
You are immune to rotting.


Message History

a +0 chain mail; a +0 hand axe
z - a fizzy pink potion You open the door.
There is an open door here.
All of the chunks of flesh in your inventory have rotted away.
There is an open door here.
Ijyb the Twisted Goblin comes into view.
She is wielding a +0 club and carrying a wand of acid (5).
Ijyb shouts!
Ijyb zaps a wand.
The bolt of acid hits you! The acid corrodes you!
You are splashed with acid!
Found 16 gold pieces.
You are too injured to fight recklessly!
You are too injured to fight recklessly!
You are too injured to fight recklessly!
Unknown command.
You hit Ijyb but do no damage.
Ijyb is poisoned.
Ijyb zaps a wand.
The bolt of acid hits you!
* * * LOW HITPOINT WARNING * * *
You are splashed with acid!
You die...

#.#...........#
##.#.#####..##
..#############
#.#........## ###
#.......##.# ..#
########## ##.#.##.##.##
..# .........#
#....#...... #'#####
.........####..........#
......#
...........##...#####...
......#
$..........#............
......#
......g@...#)#..#####...
......#
########...#.##.#..(#.<.
......#
#...#.##...#.#...
......#
#...#.##...#.#...
#######
#...'.##...#..[#.
##########
#...#....#.###.#.
#........#
###.#.####..##.#.
#........#
#.#..........#.
#........#
#.#....##(##.#.


You could see Ijyb.

Vanquished Creatures
  A hound (D:3)
  Natasha (thrice) (D:3)
  3 gnolls (D:3)
  5 adders
  A worm (D:3)
  4 dart slugs
  A leopard gecko (D:3)
  2 orcs (D:3)
  7 bats
  2 giant cockroaches (D:3)
  5 hobgoblins
  4 jackals (D:2)
  A quokka (D:3)
  A ball python (D:2)
  4 frilled lizards
  4 goblins
  7 kobolds
  2 rats
57 creatures vanquished.

Notes
Turn   | Place    | Note
-------+----------+-------------------------------------------
     0 | D:1      | KamiKatze the Gargoyle Berserker began the quest for the
                  | Orb.
     0 | D:1      | Reached XP level 1. HP: 14/14 MP: 1/1
   146 | D:1      | Reached XP level 2. HP: 16/19 MP: 2/2
   730 | D:2      | Reached XP level 3. HP: 20/23 MP: 1/3
  1115 | D:2      | Reached XP level 4. HP: 27/29 MP: 4/4
  1231 | D:3      | Reached ** piety under Trog
  1372 | D:3      | Reached XP level 5. HP: 30/33 MP: 5/5
  1475 | D:3      | Noticed Natasha
  1479 | D:3      | Killed Natasha
  1532 | D:3      | Noticed Natasha
  1547 | D:3      | Killed Natasha
  1565 | D:3      | Noticed Natasha
  1571 | D:3      | Killed Natasha
  1571 | D:3      | Reached XP level 6. HP: 20/39 MP: 6/6
  1822 | D:3      | Noticed Ijyb
  1826 | D:3      | Splashed by Ijyb's acid

Skill      XL: |  1  2  3  4  5 |
---------------+----------------+-----
Axes           | 3 4 |  4.3
Dodging        | 2 |  2.6
Armour         | 3 |  3.5
Fighting       | 4 |  4.3

Action                   |  1- 3 |  4- 6 || total
-------------------------+-------+-------++-------
Melee: Hand axe          |   136 |    91 ||   227
  Eat: Chunk             |     1 |     2 ||     3
Armor: Animal skin       |    38 |       ||    38
       Leather armour    |    16 |       ||    16
       Ring mail         |    16 |    41 ||    57
       Scale mail        |       |    10 ||    10
Dodge: Dodged            |   104 |    67 ||   171
